 Dungeon Crawl Stone Soup version 0.29-a0-1019-g84f7d21838 (webtiles) character file.

Game seed: 7129324833981040253

3747 Sobieck the Slicer (level 10, -7/99 HPs)
             Began as a Kobold Berserker on Aug 11, 2022.
             Was an Elder of Trog.
             Mangled by a manticore (26 damage)
             ... on level 7 of the Dungeon.
             The game lasted 00:18:19 (8955 turns).

Sobieck the Slicer (Kobold Berserker)               Turns: 8955, Time: 00:18:19

Health: -7/99      AC:  0    Str: 15    XL:     10   Next: 37%
Magic:  10/10      EV: 18    Int:  9    God:    Trog [****..]
Gold:   347        SH:  0    Dex: 18    Spells: 9/9 levels left

rFire   . . .      SeeInvis .   a - +1 short sword (chaos) {short}
rCold   . . .      Faith    .   (no shield)
rNeg    . . .      Spirit   .   m - +0 leather armour
rPois   .          Reflect  .   n - +1 helmet
rElec   .          Harm     .   (no cloak)
rCorr   .          Rampage  .   c - +2 pair of gloves {Stlth+}
Will    +++..                   (no boots)
Stlth   ..........              A - amulet of regeneration {@e2}
HPRegen 2.06/turn               I - +4 ring of slaying
MPRegen 0.12/turn               Z - ring of willpower

@: berserking, strong-willed, spiked, corroded, regenerating, very quick
A: small, no large weapons, nightstalker 3
a: Renounce Religion, Berserk, Trog's Hand, Brothers in Arms


You were on level 7 of the Dungeon.
You worshipped Trog.
Trog was greatly pleased with you.
You visited 2 branches of the dungeon, and saw 9 of its levels.
You also visited: Bailey.

You collected 347 gold pieces.


Innate Abilities, Weirdness & Mutations

You are small and have problems with some larger weapons.
You are completely attuned to the shadows.


   Skills:
 - Level 9.0 Fighting
 - Level 11.0 Short Blades
 - Level 3.0 Throwing
 - Level 1.5 Armour
 - Level 7.0 Dodging
 + Level 8.2 Stealth
 - Level 4.0 Evocations


You had 9 spell levels left.
You didn't know any spells.
Your spell library contained the following spells:

 Spells                   Type           Power      Damage    Failure   Level
 Beastly Appendage        Tmut           0%         N/A       45%         1
 Ensorcelled Hibernation  Hex/Ice        0%         N/A       58%         2
 Passwall                 Tmut/Erth      0%         N/A       58%         2
 Wereblood                Tmut           0%         N/A       58%         2
 Confusing Touch          Hex            0%         N/A       83%         3
 Spider Form              Tmut/Pois      0%         N/A       83%         3
 Swiftness                Air            0%         N/A       83%         3
 Cause Fear               Hex            0%         N/A       99%         4
 Leda's Liquefaction      Hex/Erth       0%         N/A       99%         4
 Lee's Rapid Deconstruct  Erth           0%         3d5*      100%        5
 Yara's Violent Unravell  Hex/Tmut       0%         3d3       100%        5
 Statue Form              Tmut/Erth      0%         N/A       100%        6
 Dragon Form              Tmut           0%         N/A       100%        7
 Enfeeble                 Hex            0%         N/A       100%        7
 Dragon's Call            Summ           0%         N/A       100%        9

Inventory:

Hand Weapons
 a - a +1 short sword of chaos (weapon) {short}
Missiles
 d - 71 stones (quivered) {throwing}
 f - 29 poisoned darts {throwing}
 h - 7 boomerangs {throwing}
Armour
 b - a +0 animal skin
 c - a +2 pair of gloves of stealth (worn)
   (You found it in a bailey)
 g - a +2 chain mail of fire resistance
   (You found it in a bailey)
 m - a +0 leather armour (worn)
   (You found it on level 2 of the Dungeon)
 n - a +1 helmet (worn)
   (You found it on level 2 of the Dungeon)
 o - a +0 chain mail
   (You took it off a vampire in a bailey)
 B - a +0 robe
   (You found it on level 3 of the Dungeon)
 C - a +0 ring mail
   (You took it off a hobgoblin on level 3 of the Dungeon)
 G - a +0 leather armour
   (You took it off an orc on level 3 of the Dungeon)
 J - a +0 plate armour of willpower
   (You found it in a bailey)
 N - a +0 ring mail
   (You found it on level 5 of the Dungeon)
 O - a +0 chain mail
   (You took it off an orc on level 6 of the Dungeon)
 Q - a +0 scale mail
   (You took it off an orc on level 6 of the Dungeon)
 S - a +0 robe
   (You took it off an orc wizard on level 6 of the Dungeon)
 T - a +0 robe
   (You took it off an orc wizard on level 6 of the Dungeon)
 U - a +0 robe
   (You took it off an orc wizard on level 6 of the Dungeon)
 V - a +0 robe
   (You took it off a wight on level 6 of the Dungeon)
 W - a +0 robe
   (You took it off a wight on level 6 of the Dungeon)
 X - a +0 robe
   (You took it off a wight on level 6 of the Dungeon)
Magical Staves
 q - a staff of earth {forbidden!astaff}
   (You found it on level 4 of the Dungeon)
Jewellery
 A - an amulet of regeneration (around neck) {@e2}
   (You found it on level 3 of the Dungeon)
 I - a +4 ring of slaying (left hand)
   (You found it on level 3 of the Dungeon)
 Z - a ring of willpower (right hand)
   (You found it on level 6 of the Dungeon)
Wands
 x - a wand of roots (17)
   (You found it on level 4 of the Dungeon)
 F - a wand of flame (27)
   (You found it on level 3 of the Dungeon)
Scrolls
 j - a scroll of torment {!r}
 l - a scroll of brand weapon
 u - 3 scrolls of teleportation {@r4}
 y - a scroll of poison {!r}
 D - a scroll of vulnerability {!r!r}
 L - a scroll of butterflies
 M - a scroll of amnesia {unknown}
 R - a scroll of blinking {!r}
 Y - a scroll of fear
Potions
 e - a potion of flight {unknown}
 i - a potion of heal wounds {unknown}
 k - 2 potions of resistance
 p - 5 potions of curing {@q1}
 r - 2 potions of haste {@q3}
 s - a potion of invisibility {unknown}
 t - a potion of lignification {unknown}
 v - 2 potions of attraction {unknown}
 w - a potion of ambrosia {unknown}
 z - a potion of berserk rage {unknown}
 E - a potion of brilliance {unknown}
 H - 4 potions of might {unknown}
 K - 2 potions of mutation {unknown}
 P - a potion of experience {unknown}

Dungeon Overview and Level Annotations

Branches:
Dungeon (8/15) Zot: 26931  Temple (1/1) D:4 Zot: 5998  Bailey (visited)
   Lair: D:8-11

Altars:
Ashenzari
Elyvilon
Okawaru
Ru
Zin

Annotations:
D:5 3 runed translucent doors

#.#####.≈≈≈≈≈
#.....'...≈..
#..####.≈.≈.≈
#.......≈.≈..
........#[......≈.≈≈≈
######
........#.......≈....
'....#
..)O....#.......≈≈≈≈≈
#..).#
§.*J....#............
#....#
..cQ@...#..........##
#....#
..§H....######.....#
####'##############'#
#........#
#........8#.........#
#.##.....##
#.........#.........#
#........§.
#.........#.........#
#..≈≈§≈≈≈≈≈
#8........'.........#
#..≈§......
#####################
#..≈§§≈≈≈≈.
#..≈.≈...≈.


You could see a slime creature, a centaur warrior, a two-headed ogre, a
manticore, a tengu conjurer (very poisoned) and a battlesphere (distracted).


Message History

You puncture the orc warrior!
The orc warrior is poisoned.
You hear a shout!
The orc warrior hits you with a +0 scimitar!
The manticore flicks its tail.
The volley of spikes hits you!
The barbed spikes become lodged in your body.
* * * LOW HITPOINT WARNING * * *
The kobold demonologist casts a spell.
Your ogre goes berserk!
A centaur warrior comes into view.
A hound comes into view.
The orc warrior barely misses you.
Your skin crawls.
You feel strong-willed.
A tengu conjurer comes into view.
A red film seems to cover your vision as you go berserk!
You feel yourself moving faster!
You feel mighty! The centaur warrior hits your ogre!
The centaur warrior closely misses your ogre.
The orc warrior hits your ogre with a +0 scimitar!
A two-headed ogre comes into view. It is wielding two +0 giant clubs.
Your ogre hits the orc warrior with a +0 giant club!!!
The orc warrior dies!
Trog accepts your kill. The rust devil barely misses you.
Unknown command.
You are too injured to fight recklessly!
You are too injured to fight recklessly!
Unknown command.
You puncture the kobold demonologist! You burn the kobold demonologist.
The hound barely misses you.
You puncture the kobold demonologist!
Lightning courses through the kobold demonologist!
The kobold demonologist casts a spell.
The slime creature hits you!
* * * LOW HITPOINT WARNING * * *
You barely miss the kobold demonologist.
Your ogre misses the hound. The hound barely misses you.
The rust devil hits you. The rust devil corrodes you!
Unknown command.
You barely miss the kobold demonologist.
The tengu conjurer gestures wildly while chanting.
The tengu conjurer conjures a globe of magical energy!
A battlesphere comes into view.
Unknown command.
You closely miss the kobold demonologist.
The hound misses you. The slime creature barely misses you.
The kobold demonologist barely misses you.
Unknown command.
You hit the kobold demonologist.
Your ogre hits the hound with a +0 giant club!!
The hound dies!
Trog accepts your kill. The rust devil hits you.
* * * LOW HITPOINT WARNING * * *
The rust devil corrodes you!
Unknown command.
Unknown command.
You puncture the kobold demonologist!
You kill the kobold demonologist!
Trog accepts your kill.
Trog appreciates your killing of a magic user.
The rust devil disappears in a puff of smoke!
The sixfirhy disappears in a puff of smoke!
The centaur warrior wields a +0 longbow.
The centaur warrior shoots an arrow.
The arrow completely misses you.
Training target 7.0 for Dodging reached!
Your Dodging skill increases to level 7!
Your Stealth skill increases to level 8!
Unknown command.
The tengu conjurer blocks your attack.
The two-headed ogre hits your ogre with a +0 giant club!
The two-headed ogre hits your ogre with a +0 giant club!!
Your ogre dies!
Your ogre's corpse disappears in a puff of smoke!
The slime creature hits you.
* * * LOW HITPOINT WARNING * * *
You puncture the tengu conjurer!
The tengu conjurer is poisoned.
The tengu conjurer closely misses you. The tengu conjurer barely misses you.
The tengu conjurer misses you.
Unknown command.
You puncture the manticore! You freeze the manticore. The manticore misses you.
The manticore claws you!
* * * LOW HITPOINT WARNING * * *
The manticore claws you!
* * * LOW HITPOINT WARNING * * *
The slime creature barely misses you.
Unknown command.
You hit the manticore.
The manticore resists with almost no effort.
Your punch misses the manticore.
Unknown command.
You puncture the tengu conjurer! You burn the tengu conjurer!
Your punch misses the tengu conjurer. The tengu conjurer hits you!
* * * LOW HITPOINT WARNING * * *
The tengu conjurer barely misses you. The tengu conjurer claws you.
* * * LOW HITPOINT WARNING * * *
Unknown command.
You hit the slime creature. You freeze the slime creature.
The manticore bites you!!
You die...

Skill      XL: |  1  2  3  4  5  6  7  8  9 10 |
---------------+-------------------------------+-----
Stealth        | 2 3 4 5 8 |  8.2
Throwing       | 3 |  3.0
Evocations     | 1 2 3 4 |  4.0
Short Blades   | 5 7 9 11 | 11.0
Dodging        | 3 4 5 7 |  7.0
Fighting       | 4 6 9 |  9.0
Armour         | |  1.5

Action                   |  1- 3 |  4- 6 |  7- 9 | 10-12 || total
-------------------------+-------+-------+-------+-------++-------
Melee: Short sword       |    96 |   137 |   269 |    40 ||   542
       Punch             |     2 |     1 |     4 |     1 ||     8
Throw: Stone             |       |     2 |       |       ||     2
Invok: Berserk           |       |     4 |     3 |     1 ||     8
       Trog's Hand       |       |       |       |     1 ||     1
       Brothers in Arms  |       |       |       |     1 ||     1
  Use: Scroll            |       |     8 |     3 |     2 ||    13
 Stab: Sleeping          |    21 |    18 |    20 |     3 ||    62
       Distracted        |       |     1 |     2 |     1 ||     4
       Petrifying        |       |       |     2 |       ||     2
       Paralysed         |       |       |     1 |       ||     1
Armor: Animal skin       |     9 |       |       |       ||     9
       Leather armour    |    10 |    19 |    41 |     9 ||    79
Dodge: Dodged            |    42 |    79 |   190 |    22 ||   333

Levels and vault maps discovered:
D:1:      dpeg_arrival_water_fire, layout_basic
D:2:      layout_basic, ebering_ecumenical_altar_petrified
D:3:      layout_loops_corners
D:4:      layout_cave_pods, minmay_temple_entry_gardened_gates
D:5:      layout_loops_ring, gammafunk_ghost_necromancy,
          kennysheep_generic_room_9
D:6:      layout_basic, zin_academy, minmay_misc_feat_cross
D:7:      minmay_klotski, layout_basic, mainiacjoe_overflow_boulevard,
          mainiacjoe_overflow_concentric_impassable,
          mainiacjoe_overflow_catwalk_spiral, enter_bailey_4
D:8:      layout_rooms
Temple:   bh_familiar_temple

Notes
Turn   | Place    | Note
-------+----------+-------------------------------------------
     0 | D:1      | Sobieck the Kobold Berserker began the quest for the Orb.
     0 | D:1      | Reached XP level 1. HP: 14/14 MP: 1/1
   110 | D:1      | Reached skill level 1 in Stealth
   146 | D:1      | Reached skill level 2 in Stealth
   218 | D:1      | Reached XP level 2. HP: 7/19 MP: 2/2
   666 | D:1      | You pick up a book of Misfortune {forbidden} and begin
                  | reading...
   666 | D:1      | You add the spells Confusing Touch, Yara's Violent
                  | Unravelling and Enfeeble to your library.
   711 | D:1      | Reached skill level 3 in Stealth
   904 | D:1      | Reached XP level 3. HP: 23/23 MP: 3/3
  1014 | D:1      | Reached ** piety under Trog
  1889 | D:2      | Reached skill level 4 in Stealth
  2183 | D:2      | You pick up a book of Changes {forbidden} and begin
                  | reading...
  2183 | D:2      | You add the spells Beastly Appendage, Wereblood and Spider
                  | Form to your library.
  2551 | D:2      | Reached XP level 4. HP: 28/28 MP: 4/4
  2805 | D:2      | You fall into a shaft and drop 2 floors!
  2852 | D:4      | Reached skill level 5 in Stealth
  2918 | D:4      | Found a staircase to the Ecumenical Temple.
  3042 | D:4      | Noticed a phantom
  3065 | D:4      | Killed a phantom
  3066 | D:4      | Reached skill level 3 in Throwing
  3066 | D:4      | Reached XP level 5. HP: 31/32 MP: 5/5
  3174 | Temple   | Entered the Ecumenical Temple
  3336 | D:2      | Found a faded altar of an unknown god.
  3365 | D:2      | HP: 7/32 [poisoned by an adder]
  3758 | D:3      | Reached skill level 1 in Evocations
  4128 | D:3      | Reached XP level 6. HP: 37/37 MP: 6/6
  4980 | D:4      | Reached skill level 5 in Short Blades
  4980 | D:4      | Reached skill level 3 in Dodging
  5509 | D:5      | Entered Level 5 of the Dungeon
  5716 | D:5      | Reached skill level 2 in Evocations
  5912 | D:5      | Found a runed translucent gate.
  5912 | D:5      | Found a runed translucent gate.
  5914 | D:5      | Found a runed translucent gate.
  6026 | D:5      | Noticed an ogre
  6030 | D:5      | Killed an ogre
  6031 | D:5      | Reached skill level 4 in Fighting
  6031 | D:5      | Reached XP level 7. HP: 43/43 MP: 7/7
  6097 | D:5      | Reached skill level 6 in Short Blades
  6430 | D:6      | You pick up a book of Burglary {forbidden} and begin
                  | reading...
  6430 | D:6      | You add the spells Passwall, Ensorcelled Hibernation and
                  | Swiftness to your library.
  6450 | D:6      | Noticed a water moccasin
  6455 | D:6      | Killed a water moccasin
  6493 | D:6      | Reached skill level 4 in Dodging
  6493 | D:6      | Reached skill level 3 in Evocations
  6494 | D:6      | Reached *** piety under Trog
  6632 | D:6      | Reached skill level 7 in Short Blades
  6632 | D:6      | Reached XP level 8. HP: 48/48 MP: 8/8
  6669 | D:6      | Found a glowing silver altar of Zin.
  6856 | D:6      | Reached skill level 5 in Fighting
  6922 | D:6      | Reached skill level 8 in Short Blades
  6927 | D:6      | Reached skill level 5 in Dodging
  7147 | D:6      | Reached skill level 9 in Short Blades
  7209 | D:6      | You pick up a book of the Dragon {forbidden} and begin
                  | reading...
  7209 | D:6      | You add the spells Cause Fear, Dragon Form and Dragon's
                  | Call to your library.
  7489 | D:7      | Reached skill level 6 in Fighting
  7489 | D:7      | Reached XP level 9. HP: 55/55 MP: 9/9
  7735 | D:7      | Reached skill level 10 in Short Blades
  7803 | D:7      | Found a broken altar of Ashenzari.
  7851 | D:7      | Found a white marble altar of Elyvilon.
  7888 | D:7      | Found a flagged portal.
  7895 | D:7      | Reached **** piety under Trog
  7908 | Bailey   | Entered a bailey
  7975 | Bailey   | Reached skill level 11 in Short Blades
  7992 | Bailey   | Reached skill level 7 in Fighting
  8056 | Bailey   | Reached skill level 8 in Fighting
  8191 | Bailey   | Noticed a gargoyle
  8195 | Bailey   | Killed a gargoyle
  8196 | Bailey   | Reached skill level 9 in Fighting
  8227 | Bailey   | Reached XP level 10. HP: 66/66 MP: 10/10
  8233 | Bailey   | You pick up a book of the Earth {forbidden} and begin
                  | reading...
  8233 | Bailey   | You add the spells Leda's Liquefaction, Lee's Rapid
                  | Deconstruction and Statue Form to your library.
  8430 | D:7      | Found a sacrificial altar of Ru.
  8497 | D:7      | Found an iron altar of Okawaru.
  8556 | D:7      | Reached skill level 6 in Stealth
  8556 | D:7      | Reached skill level 4 in Evocations
  8809 | D:7      | Reached skill level 6 in Dodging
  8922 | D:7      | Reached skill level 7 in Stealth
  8938 | D:7      | Noticed a manticore
  8938 | D:7      | Noticed a kobold demonologist
  8940 | D:7      | Noticed a rust devil
  8940 | D:7      | Noticed a centaur warrior
  8942 | D:7      | Noticed a two-headed ogre
  8945 | D:7      | Noticed a sixfirhy
  8949 | D:7      | Killed a kobold demonologist
  8950 | D:7      | Reached skill level 7 in Dodging
  8950 | D:7      | Reached skill level 8 in Stealth
  8954 | D:7      | HP: 22/99 [tengu conjurer (9)]
  8955 | D:7      | Mangled by a manticore

Vanquished Creatures
  A gargoyle (Bailey)
  A kobold demonologist (D:7)
  A vampire (Bailey)
  A steam dragon (D:7)
  A water moccasin (D:6)
  A black bear (D:6)
  A sky beast (D:7)
  2 centaurs (D:7)
  An ogre (D:5)
  A phantom (D:4)
  A kobold brigand (D:7)
  2 bullfrogs (D:6)
  A necrophage (D:4)
  4 scorpions
  8 wights
  9 vampire bats (Bailey)
  5 howler monkeys (D:7)
  2 wolf zombies (Bailey)
  A jelly (D:3)
  A hound (D:7)
  4 iguanas
  7 orc wizards
  3 gnolls (D:5)
  6 adders
  A white imp (D:6)
  2 worms
  3 dart slugs
  17 orcs
  6 bats
  4 endoplasms
  8 giant cockroaches
  8 goblins
  9 hobgoblins
  14 kobolds
  2 quokkas (D:1)
  6 ball pythons
  6 frilled lizards
  23 orc zombies (Bailey)
  6 rats
180 creatures vanquished.

Vanquished Creatures (collateral kills)
  An orc warrior (D:7)
  A hound (D:7)
2 creatures vanquished.

Vanquished Creatures (others)
  4 withered plants (D:2)
4 creatures vanquished.

Grand Total: 186 creatures vanquished

Table legend:
 A = Non-vault XP
 B = Vault XP
 C = Vault XP percentage of total XP
 D = Non-vault monster count
 E = Vault monster count
 F = Vault count percentage of total count
                 A         B        C        D         E       F
            +---------+---------+-------+---------+---------+-------
      Total |    3099 |    2255 |  42.1 |     135 |      47 |  25.8
            +---------+---------+-------+---------+---------+-------
        D:1 |      38 |       0 |   0.0 |      24 |       0 |   0.0
        D:2 |      52 |       0 |   0.0 |      18 |       0 |   0.0
        D:3 |     111 |       0 |   0.0 |      23 |       0 |   0.0
        D:4 |     223 |       0 |   0.0 |      10 |       0 |   0.0
        D:5 |     260 |       0 |   0.0 |       8 |       0 |   0.0
        D:6 |    1229 |       0 |   0.0 |      27 |       0 |   0.0
        D:7 |    1186 |     887 |  42.8 |      25 |      11 |  30.6
     Bailey |       0 |    1368 | 100.0 |       0 |      36 | 100.0
            +---------+---------+-------+---------+---------+-------

Illustrated notes

Table legend:
 A = Kills in this place as a percentage of kills in entire the game.
 B = Kills by you in this place as a percentage of kills by you in the entire game.
 C = Kills by friends in this place as a percentage of kills by friends in the entire game.
 D = Other kills in this place as a percentage of other kills in the entire game.
 E = Experience gained in this place as a percentage of experience gained in the entire game.
 F = Experience gained in this place divided by the number of levels of this place that you have seen.
                   A       B       C       D       E      F
               +-------+-------+-------+-------+-------+----------------------
         Total | 100.0 | 100.0 | 100.0 |   N/A | 100.0 | 535.4
       Dungeon |  80.2 |  80.0 | 100.0 |   N/A |  74.4 | 498.2
        Bailey |  19.8 |  20.0 |   0.0 |   N/A |  25.6 | 1368.0
               +-------+-------+-------+-------+-------+----------------------

Table legend: (Time is in decaauts)
 A = Elapsed time spent in this place.
 B = Non-inter-level travel time spent in this place.
 C = Inter-level travel time spent in this place.
 D = Time resting spent in this place.
 E = Time spent auto-exploring this place.
 F = Levels seen in this place.
 G = Mean time per level.
                   A        B        C        D        E       F      G
               +--------+--------+--------+--------+--------+-----+--------+
         Total |   8862 |   8436 |    426 |   1021 |   5949 |  10 |  886.2 |
       Dungeon |   8418 |   7992 |    426 |   1002 |   5837 |   8 | 1052.2 |
        Temple |      1 |      1 |      0 |      0 |      0 |   1 |    1.0 |
        Bailey |    441 |    441 |      0 |     19 |    112 |   1 |  441.0 |
               +--------+--------+--------+--------+--------+-----+--------+

Top non-repeatable levels by time:
     D:1: 1803 daAuts
     D:2: 1443 daAuts
     D:3: 1279 daAuts
     D:6: 1132 daAuts
     D:4: 974 daAuts
     D:7: 953 daAuts
     D:5: 823 daAuts
  Bailey: 441 daAuts
     D:8: 7 daAuts
  Temple: 1 daAuts
